 Dungeon Crawl Stone Soup version 0.31-a0-221-gbddc013574 (webtiles) character file.

Game seed: 2904185867693050714

61 qw the Shooter (level 3, -4/29 HPs)
             Began as a Minotaur Hexslinger on July 3, 2023.
             Killed by divine providence
             ... invoked by an orc priest
              (12 damage)
             ... on level 3 of the Dungeon.
             The game lasted 00:00:19 (1030 turns).

qw the Shooter (Minotaur Hexslinger)                Turns: 1030, Time: 00:00:19

Health: -4/29      AC:  2    Str: 12    XL:     3   Next: 83%
Magic:  3/3        EV: 12    Int: 10    God:
Gold:   101        SH:  0    Dex: 14    Spells: 3/4 levels left

rFire   . . .        Y - +1 sling
rCold   . . .        (no shield)
rNeg    . . .        c - +0 robe
rPois   .            (helmet restricted)
rElec   .            (no cloak)
rCorr   .            (no gloves)
SInv    +            (no boots)
Will    .....        (no amulet)
Stlth   +            e - ring of see invisible
HPRegen 0.24/turn    (no ring)
MPRegen 0.08/turn

%: no passive effects
@: no status effects
A: horns 2, retaliatory headbutt
a: no special abilities


You were on level 3 of the Dungeon.
You visited 1 branch of the dungeon, and saw 3 of its levels.

You collected 101 gold pieces.


Innate Abilities, Weirdness & Mutations

You have a pair of horns on your head.
You reflexively headbutt those who attack you in melee.


   Skills:
 - Level 2.0 Fighting
 + Level 4.4 Ranged Weapons
 - Level 2.1 Dodging
 - Level 1.0 Spellcasting
 - Level 2.0 Hexes


You had 3 spell levels left.
You knew the following spells:

 Your Spells              Type           Power      Damage    Failure   Level
a - Slow                  Hex            16%        N/A       16%         1

Your spell library contained the following spells:

 Spells                   Type           Power      Damage    Failure   Level
 Inner Flame              Hex/Fire       2%         N/A       56%         3
 Portal Projectile        Hex/Tloc       4%         N/A       56%         3
 Cause Fear               Hex            2%         N/A       83%         4

Inventory:

Hand Weapons
 Y - a +1 sling (weapon)
Armour
 c - a +0 robe (worn)
Jewellery
 e - a ring of see invisible (left hand)
Scrolls
 a - a scroll of vulnerability {unknown}
 b - a scroll of immolation {unknown}

Dungeon Overview and Level Annotations

Branches:
Dungeon (3/15)

Altars:

Shops:
D:1 ?


Message History

You shoot a sling bullet.
The sling bullet closely misses the orc priest.
The sling bullet closely misses the orc wizard.
The orc priest hits you with a +0 short sword.
You shoot a sling bullet. The sling bullet hits the orc priest.
The orc priest is severely wounded.
An orc priest comes into view. It is wielding a +0 hand axe.
The orc priest hits you with a +0 short sword.
You shoot a sling bullet.
The sling bullet closely misses the orc priest.
The sling bullet closely misses the orc wizard.
You shoot a sling bullet. The sling bullet hits the orc priest!
You kill the orc priest!
The orc wizard barely misses you.
Your Ranged Weapons skill increases to level 4!
You shoot a sling bullet.
The sling bullet closely misses the orc wizard.
The sling bullet hits the orc priest but does no damage.
You shoot a sling bullet.
The sling bullet hits the orc wizard but does no damage.
The orc wizard points at you and mumbles some strange words.
You resist with significant effort.
You shoot a sling bullet. The sling bullet misses the orc wizard.
The sling bullet hits the orc priest.
The orc priest is moderately wounded.
The orc wizard hits you with a +0 dagger.
You shoot a sling bullet.
The sling bullet closely misses the orc wizard.
The sling bullet closely misses the orc priest.
The orc wizard hits you with a +0 dagger.
You shoot a sling bullet. The sling bullet hits the orc wizard.
The orc wizard is moderately wounded.
The orc wizard hits you with a +0 dagger.
You shoot a sling bullet.
The sling bullet closely misses the orc wizard.
The sling bullet hits the orc priest.
The orc priest is heavily wounded.
The orc priest mumbles some strange prayers to Beogh against you.
Beogh smites you!
You die...

.# ... #.. #.#
#.# #o# #o##
##@# # ##.##
.###.## #.#..#
#..#.# #.##.#
#.##.#
###########.##.#
...............#


You could see an orc priest and an orc wizard (invisible).

Vanquished Creatures
  An orc priest (D:3)
  An adder (D:2)
  An orc (D:3)
  7 ball pythons
  A bat (D:1)
  2 endoplasms (D:1)
  2 hobgoblins (D:1)
  A quokka (D:2)
  A frilled lizard (D:2)
  3 kobolds (D:1)
  A rat (D:2)
21 creatures vanquished.

Notes
Turn   | Place    | Note
-------+----------+-------------------------------------------
     0 | D:1      | qw the Minotaur Hexslinger began the quest for the Orb.
     0 | D:1      | Reached XP level 1. HP: 16/16 MP: 1/1
     0 | D:1      | 0 ||| qw: Version: 0.3-a-40-ge99b1a8
     0 | D:1      | 0 ||| qw: Game counter: 620
     0 | D:1      | 0 ||| qw: Melee chars always use a shield: true
     0 | D:1      | 0 ||| qw: God list: Okawaru
     0 | D:1      | 0 ||| qw: Allow faded altars: false
     0 | D:1      | 0 ||| qw: Do Orc after clearing Dungeon:15 true
     0 | D:1      | 0 ||| qw: Do second Lair branch before Depths: true
     0 | D:1      | 0 ||| qw: Lair rune preference: random
     0 | D:1      | 0 ||| qw: Goals: Normal
     0 | D:1      | 0 ||| PLANNING D:1-11
   173 | D:1      | Found Cezaik's Magic Scroll Shop.
   178 | D:1      | 178 ||| SHOPLISTING scroll of brand weapon (133 gold, have
                  | 9).
   178 | D:1      | 178 ||| SHOPLISTING scroll of teleportation (42 gold, have
                  | 9).
   218 | D:1      | Reached skill level 3 in Ranged Weapons
   335 | D:1      | Reached XP level 2. HP: 23/23 MP: 2/2
   348 | D:1      | Found a faded altar of an unknown god.
   605 | D:1      | 605 ||| UPGRADING to ring of see invisible.
   606 | D:1      | 606 ||| READING scroll labelled TIONOD BIOCI.
   607 | D:1      | 607 ||| DROPPING scroll of poison.
   859 | D:2      | Reached XP level 3. HP: 18/29 MP: 3/3
   927 | D:2      | You fall into a shaft and drop 1 floor!
  1006 | D:3      | 1006 ||| Stepping ~*~*~tactically~*~*~ (outnumbered).
  1008 | D:3      | 1008 ||| Stepping ~*~*~tactically~*~*~ (outnumbered).
  1010 | D:3      | 1010 ||| Stepping ~*~*~tactically~*~*~ (outnumbered).
  1013 | D:3      | 1013 ||| Stepping ~*~*~tactically~*~*~ (outnumbered).
  1015 | D:3      | 1015 ||| Stepping ~*~*~tactically~*~*~ (outnumbered).
  1025 | D:3      | Reached skill level 4 in Ranged Weapons
  1029 | D:3      | HP: 7/29 [orc wizard/+0 dagger (1)]
  1030 | D:3      | Killed from afar by an orc priest

Levels and vault maps discovered:
D:1:      dpeg_arrival_short_road, layout_basic,
          chequers_ecumenical_altar_simple, serial_shops,
          nicolae_shop_tiny_statue_garden
D:2:      layout_basic, kennysheep_crisscross, st_stairs_13, nicolae_the_louvre
D:3:      layout_loops_ring, jmf_multi_god_temple2, yredelemnul_altar_generic

Skill      XL: |  1  2  3 |
---------------+----------+-----
Ranged Weapons | 3 4 |  4.4
Fighting       | 2 |  2.0
Dodging        | |  2.1
Spellcasting   | |  1.0
Hexes          | |  2.0

Action                     || total
---------------------------++-------
   Fire: Sling             ||    75
    Use: Scroll            ||     1
 Armour: Robe              ||     5
  Dodge: Dodged            ||    21

Table legend:
 A = Non-vault XP
 B = Vault XP
 C = Vault XP percentage of total XP
 D = Non-vault monster count
 E = Vault monster count
 F = Vault count percentage of total count
                 A         B        C        D         E       F
            +---------+---------+-------+---------+---------+-------
      Total |      88 |       0 |   0.0 |      21 |       0 |   0.0
            +---------+---------+-------+---------+---------+-------
        D:1 |      20 |       0 |   0.0 |      12 |       0 |   0.0
        D:2 |      22 |       0 |   0.0 |       7 |       0 |   0.0
        D:3 |      46 |       0 |   0.0 |       2 |       0 |   0.0
            +---------+---------+-------+---------+---------+-------
